 Dungeon Crawl Stone Soup version 0.19-a0-45-g2c295ea (webtiles) character file.

102 namelastname112 the Digger (level 4, -2/33 HPs)
             Began as a Draconian Earth Elementalist on May 5, 2016.
             Was an Initiate of Sif Muna.
             Slain by a gnoll
             ... wielding a +0 flail
              (10 damage)
             ... on level 2 of the Dungeon.
             The game lasted 00:02:45 (2232 turns).

namelastname112 the Digger (DrEE)                   Turns: 2232, Time: 00:02:46

Health: -2/33      AC:  5    Str: 10    XL:     4   Next: 49%
Magic:  0/8        EV: 12    Int: 17    God:    Sif Muna [......]
Gold:   82         SH:  0    Dex: 11    Spells: 2 memorised, 5 levels left

rFire  . . .     SeeInvis .     d - +0 short sword
rCold  . . .     Gourm    .     (armour unavailable)
rNeg   . . .     Faith    .     (no shield)
rPois  .         Spirit   .     (helmet restricted)
rElec  .         Dismiss  .     (no cloak)
rCorr  .         Reflect  .     (no gloves)
SustAt .         Harm     .     (no boots)
MR     .....                    (no amulet)
Stlth  ++........               (no ring)
                                (no ring)

@: invisible, not resistant to hostile enchantments, unstealthy
A: unfitting armour, cold-blooded, AC +5
a: Renounce Religion


You were on level 2 of the Dungeon.
You worshipped Sif Muna.
Sif Muna was noncommittal.
You were hungry.

You visited 1 branch of the dungeon, and saw 3 of its levels.

You collected 82 gold pieces.

Inventory:

Hand Weapons
 d - a +0 short sword (weapon)
Missiles
 a - 133 stones (quivered)
Scrolls
 f - 2 scrolls of noise {unknown}
 i - a scroll of fog {unknown}
 m - 2 scrolls of enchant weapon {unknown}
 n - a scroll of remove curse {unknown}
Potions
 e - a potion of agility {unknown}
 g - a potion of invisibility
 k - 2 potions of curing {unknown}
 l - a potion of magic {unknown}
Books
 b - a book of Geomancy

   Spells                             Type                      Level
   a - Sandblast                      Earth                        1
   b - Passwall                       Transmutation/Earth          2
   c - Stone Arrow                    Conjuration/Earth            3
   d - Petrify                        Transmutation/Earth          4
   e - Lee's Rapid Deconstruction     Earth                        5
Comestibles
 c - 3 bread rations
 h - 2 meat rations
 j - a slice of pizza


   Skills:
 - Level 1.7 Dodging
 - Level 1.7 Stealth
 + Level 3.0 Spellcasting
 + Level 1.0 Conjurations
   Level 1.0 Transmutations
 * Level 4.4 Earth Magic


You had 5 spell levels left.
You knew the following spells:

 Your Spells              Type           Power        Failure   Level  Hunger
x - Stone Arrow           Conj/Erth      ##....       21%         3    ###....
z - Sandblast             Erth           ###...       2%          1    None


Dungeon Overview and Level Annotations

Branches:
Dungeon (3/15)

Altars:
Makhleb
Sif Muna


Innate Abilities, Weirdness & Mutations

Your plain brown scales are hard (AC +5).
Your body does not fit into most forms of armour.
You are cold-blooded and may be slowed by cold attacks.


Message History

Press: ? - help, Shift-Dir - straight line, f/p - gnoll
Aim: a gnoll, wielding a flail The blast of sand hits the gnoll.
The gnoll is lightly wounded.
The gnoll misses you.
You now have 1/8 mp.
Casting: Sandblast
Confirm with . or Enter, or press ? or * to list all spells.
Aiming: Sandblast
Press: ? - help, Shift-Dir - straight line, f/p - gnoll
Aim: a gnoll, wielding a flail (lightly wounded)
The blast of sand hits the gnoll.
The gnoll is heavily wounded.
The gnoll hits you but does no damage.
You now have 0/8 mp.
Drink which item? (? for menu, Esc to quit)
It was a potion of invisibility.
You fade into invisibility!
The gnoll hits you with a flail!
You die...

...........# #.#
...........# #.#
...........####.#
....##'###......#
........##.######
....##..##.#
.#####...#)####
.#####........####
...............g@#
.####..........###
.# #......[...# .#
#..........# ##
#..........#
##.......).#
#.........#
#.......###
#.......#3#


You could see a gnoll.

Vanquished Creatures
  A hound (D:2)
  An adder (D:2)
  A gnoll (D:3)
  An ooze (D:2)
  2 worms (D:2)
  A dart slug (D:1)
  A giant gecko (D:1)
  2 bats (D:2)
  4 goblins
  7 hobgoblins
  9 kobolds
  A quokka (D:2)
  2 ball pythons (D:2)
  2 giant newts
  6 rats
41 creatures vanquished.

Notes
Turn   | Place    | Note
--------------------------------------------------------------
     0 | D:1      | namelastname112 the Draconian Earth Elementalist began the quest for the Orb.
     0 | D:1      | Reached XP level 1. HP: 14/14 MP: 3/3
     2 | D:1      | Noticed a dwarf
     2 | D:1      | Noticed a halfling
     4 | D:1      | Noticed a human
     4 | D:1      | Noticed a gargoyle
     6 | D:1      | Noticed a felid
     6 | D:1      | Noticed a draconian
     8 | D:1      | Noticed a troll
     8 | D:1      | Noticed an octopode
    12 | D:1      | Noticed a merfolk
    14 | D:1      | Noticed a vine stalker
    14 | D:1      | Noticed a minotaur
    16 | D:1      | Noticed a demonspawn
    16 | D:1      | Noticed an elf
    18 | D:1      | Noticed a ghoul
    18 | D:1      | Noticed a demigod
    20 | D:1      | Noticed a tengu
    20 | D:1      | Noticed a naga
    22 | D:1      | Noticed an ogre
    22 | D:1      | Noticed a formicid
    24 | D:1      | Noticed a spriggan
    26 | D:1      | Noticed a vampire
    26 | D:1      | Noticed a centaur
   113 | D:1      | Reached XP level 2. HP: 17/20 MP: 5/5
   755 | D:2      | Reached XP level 3. HP: 15/26 MP: 6/6
   770 | D:2      | Learned a level 3 spell: Stone Arrow
   850 | D:2      | HP: 1/26 [goblin/stone (2)]
  1246 | D:2      | Found a burning altar of Makhleb.
  1246 | D:2      | Noticed a blizzard demon
  1249 | D:2      | Noticed a neqoxec
  1249 | D:2      | Noticed a ynoxinul
  1371 | D:2      | Found a deep blue altar of Sif Muna.
  1396 | D:2      | Reached skill level 4 in Earth Magic
  1425 | D:2      | Became a worshipper of Sif Muna the Loreminder
  1978 | D:2      | Reached skill level 1 in Conjurations
  1978 | D:2      | Reached XP level 4. HP: 18/33 MP: 3/8
  2232 | D:2      | Slain by a gnoll

Vault maps used:
D:1:      kb_arrival_jail
D:2:      marbit_many_paths, makhleb_altar_promises_db
D:3:      kennysheep_slugbush, first_bread, uniq_jessica

Skill      XL: |  1  2  3  4 |
---------------+-------------+-----
Earth Magic    | 4 |  4.4
Conjurations   | 1 |  1.0
Spellcasting   | 3 |  3.0
Dodging        | |  1.7
Stealth        | |  1.7
Transmutations | |  1.0

Action                   |  1- 3 |  4- 6 || total
-------------------------+-------+-------++-------
Melee: Short sword       |   138 |     3 ||   141
       Tailslap          |    10 |     2 ||    12
 Cast: Sandblast         |    18 |     2 ||    20
       Stone Arrow       |     2 |     5 ||     7
  Use: Potion            |       |     1 ||     1
 Stab: Sleeping          |     4 |       ||     4
  Eat: Chunk             |     4 |     1 ||     5
Armor: Skin              |    47 |     1 ||    48
Dodge: Dodged            |   101 |     3 ||   104
